cohdb
Replays
Latest Replays
All Replays
Popular Replays
Top Player Replays
Match Explorer
How It Works
Community
CoH3 Stats
Reddit
Sign in to upload your games and track your stats! →
Sign in with Steam
Match 25779452
Unlisted
Match 25779452
Overview
Messages
Build Orders
End
Kradschützen Motorcycle Team
Panzergrenadier Squad
Panzergrenadier Squad
Construct Light Support Kompanie
2.5-tonne Medical Truck
Kradschützen Motorcycle Team
Fire Support Elements
Flakvierling Half-track
Tungsten Core Ammunition
Panzerjäger Squad
Panzerjäger Squad
Kradschützen Motorcycle Team
Construct Panzerarmee Kommand
Flak 36 Anti-tank Gun Team
Armored Reserves
Panzer IV Assault Group
Flak 36 Anti-tank Gun Team
Rapid Advance
Selects Battlefield Espionage Battlegroup
Selects 250/3 Funkpanzerwagen
Selects Anti-Tank Incendiary Munitions
Selects Intel Disruption Beacon
Selects Plunder
Selects Firestorm
Emergency Repair Kits
Firestorm
Walking Stuka Rocket Launcher
Kradschützen Motorcycle Team
Tiger Heavy Tank
Firestorm
Advanced Optics
Vehicle Survival Package
Braindead
k.sarafzade
SneaKerz
gb_gbg
0
0
Comments
sign in to comment!
No comments posted yet!